 Dungeon Crawl Stone Soup version 0.29.1-1-gd02db69 (webtiles) character file.

Game seed: 4310760393234252026

65 FingySniffer the Charlatan (level 3, -1/29 HPs)
             Began as a Minotaur Artificer on Sept 23, 2022.
             Killed from afar by an orc wizard (8 damage)
             ... with a puff of flame
             ... on level 3 of the Dungeon.
             The game lasted 00:11:28 (1825 turns).

FingySniffer the Charlatan (Minotaur Artificer)     Turns: 1825, Time: 00:11:32

Health: -1/29      AC:  3    Str: 18    XL:     3   Next: 94%
Magic:  2/2        EV: 11    Int:  8    God:
Gold:   89         SH:  0    Dex: 10    Spells: 2/2 levels left

rFire   . . .      SeeInvis .   i - +2 rapier (speed)
rCold   . . .      Faith    .   (no shield)
rNeg    . . .      Spirit   .   b - +0 leather armour
rPois   .          Reflect  .   (helmet restricted)
rElec   .          Harm     .   (no cloak)
rCorr   .          Rampage  .   (no gloves)
Will    .....                   (no boots)
Stlth   +.........              (no amulet)
HPRegen 0.09/turn               (no ring)
MPRegen 0.08/turn               (no ring)

@: no status effects
A: horns 2, retaliatory headbutt
a: no special abilities


You were on level 3 of the Dungeon.
You visited 1 branch of the dungeon, and saw 4 of its levels.

You collected 89 gold pieces.

Inventory:

Hand Weapons
 a - a +0 club
 i - a +2 rapier of speed (weapon)
Armour
 b - a +0 leather armour (worn)
Jewellery
 k - an amulet of guardian spirit
Wands
 c - a wand of flame (15) (quivered)
 d - a wand of charming (15)
 e - a wand of iceblast (5)
 l - a wand of paralysis (7)
Scrolls
 f - 3 scrolls of identify {unknown}
 g - a scroll of poison {unknown}
 j - a scroll of vulnerability {unknown}
Potions
 h - 2 potions of berserk rage {unknown}
 m - a potion of magic {unknown}
 n - a potion of flight {unknown}


   Skills:
 + Level 1.6 Fighting
 + Level 0.6 Short Blades
 + Level 0.8 Maces & Flails
 + Level 3.1 Armour
 + Level 1.2 Dodging
 + Level 1.0 Stealth
 + Level 3.7 Evocations


You had 2 spell levels left.
You didn't know any spells.
Your spell library contained the following spells:

 Spells                   Type           Power      Damage    Failure   Level
 Scorch                   Fire           0%         2d5       61%         2
 Cause Fear               Hex            0%         N/A       99%         4
 Flame Wave               Conj/Fire      0%         2d4       99%         4
 Summon Cactus Giant      Summ           0%         N/A       100%        6
 Dragon Form              Tmut           0%         N/A       100%        7
 Dragon's Call            Summ           0%         N/A       100%        9


Dungeon Overview and Level Annotations

Branches:
Dungeon (4/15)
 Temple: D:4-7

Altars:


Innate Abilities, Weirdness & Mutations

You have a pair of horns on your head.
You reflexively headbutt those who attack you in melee.


Message History

Found 5 stones.
You now have 89 gold pieces (gained 15).
Found a stone staircase leading down.
Found a red potion.
h - 2 red potions (gained 1)
You hear the quick rusting of a very distant drain.
You see here a +0 buckler.
You see here 5 stones.
Found a robe. 2 orcs come into view.
An orc is wielding a +2 vorpal flail.
Found a ring mail.
The orc shouts!
The orc moves out of view.
An orc wizard comes into view. It is wielding a +0 dagger.
The orc shouts!
The orc wizard gestures at you while chanting.
You are confused.
The orc wizard gestures at you while chanting.
You resist with significant effort.
The orc wizard mumbles some strange words.
The orc wizard flickers and vanishes!
Deactivating autopickup; reactivate with Ctrl-A.
The orc hits you with a +2 vorpal flail!
You bump into the rock wall.
You feel less confused. The orc closely misses you. You furiously retaliate!
You headbutt the orc!
You kill the orc!
The orc throws a boomerang.
The boomerang barely misses you.
A magic dart appears from out of thin air!
The magic dart hits you!
The orc throws a boomerang.
The boomerang hits you but does no damage.
The orc attacks as you move away! The orc hits you with a +0 dagger.
You hit the orc.
The orc is moderately wounded.
The orc hits you with a +0 dagger.
* * * LOW HITPOINT WARNING * * *
A puff of flame appears from out of thin air!
The puff of flame hits you!
You die...

.......... .. ###........
.. ##.........# .#
............####.####
.......... ..........
.......... [.......# ####
.......#######...# ....#
................#####....##
................@o.........
.........##..##....).......
.........##.######.{.......
[........(..# #.........
..........### #.....[...
.........## #.........
.........# #.........
.........# #.........
########## ##########


You could see an orc.

Vanquished Creatures
  2 adders (D:3)
  A worm (D:3)
  3 dart slugs
  3 orcs (D:3)
  2 bats (D:3)
  3 endoplasms
  A goblin (D:1)
  4 hobgoblins
  3 quokkas
  4 ball pythons
  A frilled lizard (D:1)
  4 kobolds
  4 rats
35 creatures vanquished.

Notes
Turn   | Place    | Note
-------+----------+-------------------------------------------
     0 | D:1      | FingySniffer the Minotaur Artificer began the quest for the
                  | Orb.
     0 | D:1      | Reached XP level 1. HP: 16/16 MP: 0/0
   284 | D:1      | Reached XP level 2. HP: 14/23 MP: 1/1
  1297 | D:2      | You fall into a shaft and drop 2 floors!
  1417 | D:3      | Reached skill level 1 in Stealth
  1417 | D:3      | Reached XP level 3. HP: 23/28 MP: 2/2
  1825 | D:3      | Killed from afar by an orc wizard

Illustrated notes

Levels and vault maps discovered:
D:1:      minmay_arrival_up_and_down, layout_rooms, serial_aquarium,
          aquarium_bridge_square [aquarium_subvault_bridge,
          aquarium_subvault_window, aquarium_subvault_wall,
          aquarium_subvault_wall], aquarium_bridge_long_separate
          [aquarium_subvault_window, aquarium_subvault_bridge,
          aquarium_subvault_wall, aquarium_subvault_bridge,
          aquarium_subvault_bridge, aquarium_subvault_window],
          aquarium_window_corner, aquarium_window_corridor_2, aquarium_view_2c,
          aquarium_balcony_5b
D:2:      layout_rooms, minmay_small_reverse_x
D:3:      layout_rooms, portal_sewer_entry_e, st_stairs_3, uniq_robin
D:4:      layout_basic

Skill      XL: |  1  2  3 |
---------------+----------+-----
Evocations     | 3 |  3.7
Stealth        | 1 |  1.0
Armour         | 3 |  3.1
Fighting       | |  1.6
Short Blades   | |  0.6
Maces & Flails | |  0.8
Dodging        | |  1.2

Action                   || total
-------------------------++-------
Melee: Club              ||    41
       Headbutt          ||     9
       Rapier            ||    47
Armor: Leather armour    ||    28
Dodge: Dodged            ||    65
